 Dungeon Crawl Stone Soup version 0.27-a0-1322-gfdffb62a71 (webtiles) character file.

Game seed: 10486512565620448237

259491 dinky3 the Imperceptible (level 18, -5/105 HPs)
             Began as a Vampire Hunter on Feb 16, 2021.
             Was the Champion of Fedhas.
             Killed from afar by an ancient lich (78 damage)
             ... with a crystal spear
             ... on level 5 of the Realm of Zot on June 22, 2021.
             The game lasted 02:59:50 (19255 turns).

dinky3 the Imperceptible (Vampire Hunter)          Turns: 19255, Time: 02:59:50

Health: -5/105     AC: 19    Str:  8 (9)  XL:     18   Next: 68%
Magic:  17/27      EV: 32    Int: 12      God:    Fedhas [******]
Gold:   831        SH: 17    Dex: 27      Spells: 13/29 levels left

rFire    + . .     SeeInvis +   g - +3 dagger (distort)
rCold    + . .     Faith    +   U - +4 kite shield
rNeg     + + +     Spirit   .   P - +3 leather armour of Zecau {Dex+9}
rPois    ∞         Reflect  .   r - +2 hat {SInv}
rElec    .         Harm     .   W - scarf {shadows}
rCorr    .         Rampage  .   l - +2 pair of gloves
Will     +....                  B - +2 pair of boots
Stlth    ++++......             d - amulet "Xeorooc" {Faith Stlth+}
HPRegen  0.00/turn              I - ring of fire
MPRegen  0.20/turn              X - ring of the Hare {EV+8}

@: mighty, about to teleport, very slightly contaminated, bloodless, hasted,
invisible, very quick
A: bloodless, fangs 3, see invisible, vampiric 2, antennae 1, iridescent scales
1, thin metallic scales 1, clumsy 1, dopey 2, weak 1
0: Orb of Zot
}: 3/15 runes: decaying, abyssal, gossamer
a: Bat Form, Revivify, Renounce Religion, Wall of Briars, Grow Ballistomycete,
Overgrow, Grow Oklob


You were on level 5 of the Realm of Zot.
You worshipped Fedhas.
Fedhas was exalted by your worship.
You visited 9 branches of the dungeon, and saw 43 of its levels.
You visited the Abyss 1 time.
You also visited: Sewer, Gauntlet and Ice Cave.

You collected 2848 gold pieces.
You spent 2017 gold pieces at shops.

Inventory:

Hand Weapons
 g - a +3 dagger of distortion (weapon)
 A - a +2 double sword of electrocution
 Z - a +2 vampiric dagger
Missiles
 b - 17 silver javelins (quivered)
 c - 21 javelins
 k - 3 curare-tipped darts
 O - 2 throwing nets
 T - 12 datura-tipped darts
 Y - 18 boomerangs
Armour
 l - a +2 pair of gloves (worn)
 r - a +2 hat of see invisible (worn)
 B - a +2 pair of boots (worn)
 D - the +0 robe of the Vacuum {Regen+ Str+5 Dex+3}
   (You found it on level 3 of the Abyss)

   It affects your strength (+5).
   It affects your dexterity (+3).
   It increases your rate of health regeneration.
 P - the +3 leather armour of Zecau (worn) {Dex+9}
   (You found it on level 13 of the Dungeon)

   It affects your dexterity (+9).
 U - a +4 kite shield (worn)
 W - a scarf of shadows (worn)
Jewellery
 d - the amulet "Xeorooc" (around neck) {Faith Stlth+}
   (You took it off a centaur on level 7 of the Dungeon)

   [amulet of faith]

   It allows you to gain divine favour quickly.
   It makes you more stealthy.
 e - the ring "Nepentyq" {Will+ AC+4}
   (You found it in a Gauntlet)

   [ring of protection]

   It affects your AC (+4).
   It increases your willpower.
 H - a ring of flight
 I - a ring of fire (left hand)
 J - the ring of Moel {rPois rCorr Str+4}
   (You found it in an ice cave)

   [ring of resist corrosion]

   It affects your strength (+4).
   It protects you from poison.
   It protects you from acid and corrosion.
 M - the ring of Reakk {rN+ Will- AC+4 Slay+4}
   (You took it off a minotaur in a Gauntlet)

   [ring of protection]

   It affects your AC (+4).
   It affects your accuracy and damage with ranged weapons and melee attacks
   (+4).
   It protects you from negative energy.
   It decreases your willpower.
 X - the ring of the Hare (right hand) {EV+8}
   (You found it on level 3 of the Lair of Beasts)

   [ring of evasion]

   It affects your evasion (+8).
Wands
 x - a wand of digging (12)
 y - a wand of charming (11)
 G - a wand of acid (3)
 Q - a wand of paralysis (4)
Scrolls
 f - a scroll of summoning
 j - 2 scrolls of torment
 o - a scroll of vulnerability
 s - 7 scrolls of identify
 u - 3 scrolls of immolation
 E - 2 scrolls of blinking
 F - 3 scrolls of teleportation
 S - 3 scrolls of fear
Potions
 a - 5 potions of heal wounds
 h - 2 potions of magic
 i - 8 potions of might
 m - 18 potions of curing
 q - 4 potions of haste
 t - 5 potions of flight
 v - a potion of cancellation
 w - 2 potions of attraction
 z - 4 potions of mutation
 C - 5 potions of brilliance
 V - 4 potions of ambrosia
Miscellaneous
 n - a condenser vane
 p - a lightning rod (4/4)
 K - a box of beasts (inert)
 L - a phial of floods
 R - a phantom mirror


   Skills:
 - Level 9.0 Fighting
 - Level 10.4 Short Blades
 - Level 5.0 Throwing
 - Level 5.0 Armour
 - Level 14.0 Dodging
 - Level 22.1 Stealth
 - Level 12.0 Shields
 - Level 6.0 Spellcasting
 - Level 16.0 Hexes
 + Level 5.2 Translocations
 - Level 12.0 Invocations
 - Level 5.0 Evocations


You had 13 spell levels left.
You knew the following spells:

 Your Spells              Type           Power      Damage    Failure   Level
a - Invisibility          Hex            21%        N/A       8%          6
b - Apportation           Tloc           32%        N/A       4%          1
c - Tukima's Dance        Hex            42%        N/A       1%          3
d - Cause Fear            Hex            21%        N/A       1%          4
e - Slow                  Hex            42%        N/A       1%          2

Your spell library contained the following spells:

 Spells                   Type           Power      Damage    Failure   Level
 Corona                   Hex            46%        N/A       1%          1
 Portal Projectile        Hex/Tloc       58%        N/A       1%          3
 Inner Flame              Hex/Fire       34%        N/A       4%          3
 Summon Guardian Golem    Hex/Summ       22%        N/A       4%          3
 Lesser Beckoning         Tloc           8%         N/A       13%         3
 Leda's Liquefaction      Hex/Erth       11%        N/A       14%         4
 Freeze                   Ice            12%        1d4       36%         1
 Pain                     Necr           12%        1d4       36%         1
 Metabolic Englaciation   Hex/Ice        11%        N/A       36%         5
 Frozen Ramparts          Ice            6%         1d2       73%         3
 Ozocubu's Armour         Ice            3%         N/A       73%         3
 Hailstorm                Conj/Ice       3%         3d3       98%         4
 Ice Form                 Ice/Tmut       3%         N/A       98%         4
 Summon Ice Beast         Ice/Summ       3%         N/A       98%         4
 Alistair's Intoxication  Tmut/Pois      2%         N/A       100%        5
 Borgnjor's Vile Clutch   Necr/Erth      1%         N/A       100%        5
 Freezing Cloud           Conj/Ice/Air   1%         6-21      100%        5
 Death Channel            Necr           1%         N/A       100%        6
 Simulacrum               Ice/Necr       1%         N/A       100%        6
 Ozocubu's Refrigeration  Ice            1%         4d5       100%        7


Dungeon Overview and Level Annotations

Branches:
Dungeon (15/15)            Temple (1/1) D:4            Lair (6/6) D:10
  Swamp (4/4) Lair:2       Spider (4/4) Lair:4        Slime (1/5) Lair:5
    Orc (2/2) D:12            Elf (0/3) Orc:2        Depths (5/5) D:15
    Zot (5/5) Depths:5      Sewer (visited)           IceCv (visited)
Gauntlet (visited)
 Vaults: D:13-14

Altars:
Ashenzari
Cheibriados
Dithmenos
Elyvilon
Fedhas
Hepliaklqana
Kikubaaqudgha
Makhleb
Nemelex Xobeh
Okawaru
Qazlal
Ru
Sif Muna
Trog
Uskayaw
Vehumet
Wu Jian
Xom
Yredelemnul
Zin
The Shining One
Beogh
Jiyva

Shops:
D:6 :   D:8 *   Orc:1 :   Orc:2 [*(:

Portals:
Hell: Depths:5
Abyss: Lair:3 Depths:2 Depths:4
Ziggurat: Depths:3

Annotations:
D:5 1 runed translucent door, Prince Ribbit; wampuh's ghost, novice DsEE
D:10 3 runed translucent doors, gregwegmann's ghost, journeyman TrFi
D:13 2 transporters, Joitiut's ghost, journeyman DsIE; Nessos
Lair:3 2 transporters
Depths:1 exclusions: hell knight and necromancer
Depths:2 exclusions: upstairs and 7 more exclusions
Depths:3 exclusions: floating eye, great orb of eyes, shining eye and 1 more exclusion
Depths:4 exclusion: 2 spriggan berserkers
Zot:1 exclusions: moth of wrath and 2 tentacled monstrosities
Zot:4 exclusion: sensed monster (detected)


Innate Abilities, Weirdness & Mutations

You do not regenerate when monsters are visible.
You are frail without blood (-20% HP).
You can heal yourself when you bite living creatures.
You are immune to poison.
You have razor-sharp teeth.
You have supernaturally acute eyesight. (SInv)
You are afflicted with vampirism and can become a bat while bloodless.
You have a pair of small antennae on your head.
You are partially covered in iridescent scales. (AC +2)
You are partially covered in thin metallic scales. (AC +2)
You are clumsy. (Dex -2)
You are very dopey. (Int -4)
You are weak. (Str -2)


Message History

The floor.
You pick up the Orb of Zot!
The Orb lets out a hideous shriek!
Now all you have to do is get back out of the dungeon!
The purple draconian roars!
You hear a roar!
You hear a shout! x3
You hear a deafening roar!
You hear a shout! x2; You hear a chilling moan.
You hear a roar! x3
You block the Orb Guardian's attack.
The Orb Guardian hits you but does no damage.
A green draconian shifter comes into view.
It is wielding a +0 dagger.
The orb of fire glows yellow.
The bolt of fire misses you.
An Orb Guardian comes into view.
You block the shadow dragon's attack.
The shadow dragon completely misses you.
The shadow dragon claws you but does no damage.
An orb of fire comes into view.
The orb of fire glows red.
The bolt of fire hits you! You resist. The Killer Klown pies you viciously!
You block the klown pie.
As you read the scroll of teleportation, it crumbles to dust.
You feel strangely unstable.
You feel the Orb delaying your translocation!
The Killer Klown blinks!
The Orb Guardian hits you!!
An electric golem comes into view.
The Killer Klown blinks!
Blink to where?
Press: ? - help, Dir - move target Really blink into that permanent teleport trap?
You enter a permanent teleport trap!
Your surroundings suddenly seem different.
As you read the scroll of blinking, it crumbles to dust.
An electric golem, 5 orbs of fire, a purple draconian and 3 liches come into view.
The electric golem hurls lightning at you.
The bolt of lightning misses you. You block the ancient lich's attack.
The ancient lich gestures at you while chanting.
The crystal spear hits you!!!!
Ouch! That really hurt!
You die...
Fedhas appreciates your contribution to the ecosystem.

**,,,,,,,,,,,,,,,****
**,,,,,,.........^^..***
**,,,,,,,.............,,**
*,,,,,,,,.............^,,* ****▓
*,,,,,,,,..8........*^,,,***,,,.
**,,,,,,,.............^,,**,,,,.
**,,,,,,...d..*......,,,*,,,,,q
**,,,,,..*..LL......,,,,,,,,,.
**,,,,,,..z..*@......,,,*,,,,,X
**^,,,,,,°○...^.....^.,,,**,,,,.
*,,,,,,,,.............,,,***,,,.
*,,,,,,,,.............,,,* ****▓
**,,,,,,,.............,,**
**,,,,,,.............***
****^,,..........▓▓▓*
***************


You could see 4 orbs of fire, an electric golem, an ancient lich, a dread lich,
a purple draconian and a curse toe (wandering).

Vanquished Creatures
  A Killer Klown (Zot:3)
  A shadow dragon (Zot:5)
  A death cob (Zot:4)
  2 storm dragons
  A draconian monk (Depths:5)
  A fire giant (Depths:4)
  2 azure jellies
  A frost giant (IceCv)
  4 draconian knights
  A draconian scorcher (Zot:2)
  6 emperor scorpions
  6 ghost moths
  Aizul (Swamp:3)
  3 draconian annihilators
  A very ugly thing (Depths:2)
  A vampire knight (Depths:3)
  2 green draconians
  3 entropy weavers
  2 yellow draconians (Zot:3)
  A black draconian (Zot:2)
  A purple draconian (Zot:3)
  A wizard (Abyss:3)
  4 red draconians
  2 bunyips (Swamp:4)
  A dire elephant (Lair:6)
  A minotaur (Gauntlet)
  The ghost of Luuwnalu the Nimble, a journeyman KoHu of Okawaru (Lair:3)
  Snorg (D:12)
  Fannar (D:12)
  A ghost crab (Swamp:3)
  Erolcha (D:9)
  A rakshasa (Depths:1)
  Erica (Lair:2)
  A spriggan air mage (Swamp:4)
  3 two-headed ogres
  10 hydras
  4 centaur warriors
  2 tengu warriors
  An alligator (Swamp:4)
  2 deep troll shamans (Depths:5)
  A death yak (IceCv)
  Urug (D:10)
  An orc high priest (Orc:2)
  4 spriggans
  5 skeletal warriors
  The ghost of sahdkjhfkaj the Eclecticist, a novice DECj of Vehumet (Lair:1)
  An iron troll (Depths:5)
  A fire crab (Lair:6)
  A goliath frog (Swamp:2)
  2 spriggan druids
  A golden dragon zombie (D:15)
  A swamp dragon (Swamp:3)
  3 bog bodies
  An orange crystal statue (Gauntlet)
  A deep elf archer (D:13)
  A lindwurm (Lair:6)
  An orc knight (Orc:1)
  3 phantasmal warriors
  2 orc sorcerers (Orc:2)
  4 necromancers
  11 orb spiders
  22 wolf spiders
  3 cyclopes
  7 ugly things
  2 manticores
  A spectral boulder beetle (Gauntlet)
  Maurice (D:10)
  A will-o-the-wisp (Swamp:4)
  An apocalypse crab (Abyss:3)
  2 moths of wrath
  An elf zombie (D:15)
  A frost giant skeleton (D:15)
  5 elephants (Lair:6)
  A torpor snail (shapeshifter) (D:15)
  5 black mambas
  An orange demon (Abyss:3)
  2 torpor snails
  An unseen horror (D:12)
  12 cane toads
  5 rime drakes
  7 komodo dragons
  3 freezing wraiths (Swamp:4)
  A yaktaur (D:15)
  2 ice devils (Lair:1)
  4 demonic crawlers
  A red devil (Lair:3)
  2 tengu conjurers
  An ancient zyme (Abyss:3)
  21 jumping spiders
  17 polar bears
  6 trolls
  10 hornets
  3 slime creatures (Slime:1)
  A tyrant leech (Swamp:3)
  6 dream sheep (Lair:6)
  A large abomination (Abyss:3)
  16 blink frogs
  Sigmund (D:5)
  A raiju (Lair:6)
  2 shadows (D:14)
  2 vampires
  56 yaks
  23 tarantellas
  57 redbacks
  2 spriggans (shapeshifter)
  5 wyverns
  3 wraiths (D:12)
  3 humans
  6 basilisks
  10 vampire mosquitoes
  2 swamp worm simulacra (Swamp:4)
  Menkaure (D:5)
  23 removed soldier ants
  Duvessa (D:5)
  6 swamp worms
  6 wargs
  10 hydra simulacra (Swamp:4)
  13 hell hounds (Lair:6)
  13 water moccasins
  9 sky beasts
  7 black bears
  2 swamp drakes
  An ice beast (D:5)
  17 orc warriors
  3 small abominations (Abyss:3)
  14 ogres
  9 centaurs
  26 wolves
  A manticore skeleton (Abyss:3)
  8 kobold brigands
  A wyvern zombie (D:9)
  17 bullfrogs
  A gnoll sergeant (D:12)
  Dowan (D:5)
  5 scorpions
  A water moccasin skeleton (D:5)
  4 howler monkeys
  20 wights
  3 electric eels
  2 quasits
  6 jellies
  4 centaur zombies
  4 bullfrog skeletons
  2 bullfrog zombies
  8 orc priests
  7 hounds
  An iron imp (Abyss:3)
  5 centaur skeletons
  2 iguanas
  Ijyb (D:5)
  Terence (D:3)
  13 orc wizards
  35 removed worker ants
  2 removed worker ant zombies
  Robin (D:3)
  18 adders
  6 gnolls
  5 river rats (Sewer)
  5 shadow imps
  2 white imps
  An ufetubus (D:6)
  6 swamp drake simulacra (Swamp:4)
  2 adder skeletons
  A dart slug (D:4)
  6 worms
  51 orcs
  9 removed leopard geckos
  8 ball pythons
  5 bats
  8 giant cockroaches
  14 hobgoblins
  3 jackals (D:9)
  5 quokkas
  8 frilled lizards
  13 goblins
  A jackal skeleton (D:6)
  A jackal zombie (D:6)
  29 kobolds
  26 rats
  2 removed leopard gecko zombies
  2 butterflies (Lair:2)
  A lurking horror (Abyss:3)
1032 creatures vanquished.

Vanquished Creatures (collateral kills)
  An orc warlord (Orc:2)
  A black draconian (Zot:3)
  An entropy weaver (Spider:4)
  A purple draconian (Zot:3)
  2 death scarabs (Gauntlet)
  A hell hog (Lair:3)
  A goliath frog (Swamp:3)
  3 orc knights (Orc:2)
  A deep elf pyromancer (D:14)
  2 orc sorcerers (Orc:2)
  3 ugly things
  A manticore (Lair:6)
  A torpor snail (Lair:6)
  A cane toad (Lair:6)
  2 freezing wraiths
  A rime drake (Lair:6)
  A demonic crawler (Spider:4)
  3 polar bears (Lair:6)
  2 trolls (Orc:2)
  A blink frog (Abyss:3)
  5 redbacks
  A ynoxinul (Lair:3)
  3 wargs
  A hell hound (Lair:6)
  6 black bears (Lair:6)
  9 orc warriors (Orc:2)
  An ogre (Orc:1)
  2 wolves (Lair:6)
  4 orc priests (Orc:2)
  6 orc wizards (Orc:2)
  6 orcs
  A kobold (D:13)
  18 ballistomycete spores
93 creatures vanquished.

Vanquished Creatures (others)
  An eldritch tentacle (Abyss:3)
  A purple draconian (Zot:3)
  2 ugly things (D:15)
  A polar bear (IceCv)
  A redback (Spider:2)
  An orc warrior (Orc:1)
  A human (D:14)
  A hydra simulacrum (Swamp:4)
  A ballistomycete spore (Swamp:4)
  2 foxfires (Swamp:4)
  10 fungi
  2 lurking horrors (Abyss:3)
  49 plants
  8 starspawn tentacles (Abyss:3)
  3 toadstools (Swamp:1)
  6 withered plants (D:15)
90 creatures vanquished.

Grand Total: 1215 creatures vanquished

Notes
Turn   | Place    | Note
-------+----------+-------------------------------------------
     0 | D:1      | dinky3 the Vampire Hunter began the quest for the Orb.
     0 | D:1      | Reached XP level 1. HP: 16/16 MP: 1/1
    28 | D:1      | Reached skill level 2 in Stealth
    75 | D:1      | Reached skill level 1 in Short Blades
    75 | D:1      | Reached XP level 2. HP: 22/22 MP: 2/2
   217 | D:1      | Reached skill level 3 in Stealth
   391 | D:2      | Reached XP level 3. HP: 26/27 MP: 3/3
   502 | D:2      | Reached skill level 4 in Stealth
   665 | D:2      | Reached XP level 4. HP: 22/33 MP: 4/4
   704 | D:2      | Found a hazy altar of Hepliaklqana.
   942 | D:3      | Reached skill level 5 in Stealth
  1021 | D:3      | Noticed Terence
  1023 | D:3      | Noticed Robin
  1041 | D:3      | Killed Terence
  1044 | D:3      | Killed Robin
  1045 | D:3      | Reached XP level 5. HP: 38/38 MP: 5/5
  1094 | D:3      | Reached skill level 6 in Stealth
  1204 | D:3      | Found a white marble altar of Elyvilon.
  1618 | D:2      | Found a broken altar of Ashenzari.
  1746 | D:4      | Noticed an ogre
  1834 | D:4      | Found a snail-covered altar of Cheibriados.
  1834 | D:4      | Noticed an ogre
  1861 | D:4      | Reached skill level 7 in Stealth
  1862 | D:4      | Noticed an ogre
  1875 | D:4      | Killed an ogre
  1876 | D:4      | Reached skill level 8 in Stealth
  1876 | D:4      | Reached XP level 6. HP: 35/44 MP: 6/6
  1934 | D:5      | Entered Level 5 of the Dungeon
  1944 | D:5      | Found a runed translucent door.
  1945 | D:5      | Noticed Menkaure
  1955 | D:5      | Killed Menkaure
  1976 | D:5      | Got an ichor-stained whip
  1986 | D:5      | Noticed wampuh's ghost (novice DsEE)
  1988 | D:5      | Identified the +3 whip of Olait {drain, *Rage +Fly rF+
                  | Str+5} (You found it on level 5 of the Dungeon)
  1996 | D:5      | Noticed Ijyb
  2050 | D:5      | Found an iron altar of Okawaru.
  2115 | D:6      | Reached XP level 7. HP: 48/51 MP: 7/7
  2168 | D:6      | Reached skill level 5 in Short Blades
  2239 | D:6      | Found Motuih's Book Boutique.
  2409 | D:6      | Found a glowing drain.
  2440 | Sewer    | Entered a sewer
  2761 | Sewer    | Reached XP level 8. HP: 20/60 MP: 8/8
  3004 | D:6      | Reached skill level 5 in Dodging
  3406 | D:7      | Reached skill level 5 in Fighting
  3531 | D:5      | Noticed Duvessa
  3532 | D:5      | Killed Ijyb
  3546 | D:5      | Noticed Dowan
  3558 | D:5      | Killed Duvessa
  3755 | D:5      | Killed Dowan
  3793 | D:5      | Reached XP level 9. HP: 50/71 MP: 9/9
  3869 | D:5      | Noticed Sigmund
  3893 | D:5      | Reached skill level 9 in Stealth
  3939 | D:5      | Killed Sigmund
  3994 | D:5      | Noticed Prince Ribbit
  4143 | D:7      | Noticed a purple ugly thing
  4152 | D:7      | Killed a purple ugly thing
  4152 | D:7      | Identified the amulet "Xeorooc" {Faith Stlth+}
  4153 | D:7      | Reached skill level 10 in Stealth
  4159 | D:7      | Reached skill level 11 in Stealth
  4180 | D:7      | Got a scintillating bone amulet
  4191 | D:7      | Got a bound ruby amulet
  4194 | D:7      | Got a glittering wooden ring
  4201 | D:7      | Identified the ring of the Doge {+Blink Will+} (You found
                  | it on level 7 of the Dungeon)
  4207 | D:7      | Identified the amulet "Muacy" {Spirit rF- Str-2 Dex+3
                  | Stlth+} (You found it on level 7 of the Dungeon)
  4217 | D:7      | Identified the amulet "Veasa" {Spirit Int+4} (You found it
                  | on level 7 of the Dungeon)
  4545 | D:4      | Found a staircase to the Ecumenical Temple.
  4559 | Temple   | Entered the Ecumenical Temple
  4566 | Temple   | Became a worshipper of Fedhas Madash
  4596 | D:4      | Got a turquoise-encrusted chain mail
  4606 | D:4      | Identified the +1 chain mail "Yghaul" {rN+ Regen+ Int-2
                  | Dex+7} (You found it on level 4 of the Dungeon)
  4743 | D:8      | Found a shadowy altar of Dithmenos.
  4743 | D:8      | Found an ornate altar of the Wu Jian Council.
  4822 | D:8      | Reached skill level 12 in Stealth
  4888 | D:8      | Reached skill level 1 in Armour
  4956 | D:8      | Found Qiruzacy's Elemental Accessories.
  5065 | D:9      | Noticed a centaur warrior
  5065 | D:9      | Noticed a komodo dragon
  5066 | D:9      | Noticed a centaur warrior
  5066 | D:9      | Noticed a two-headed ogre
  5068 | D:9      | a komodo dragon changed into a spriggan
  5075 | D:9      | Killed a centaur warrior
  5075 | D:9      | Reached * piety under Fedhas
  5075 | D:9      | Killed a two-headed ogre
  5075 | D:9      | Killed a centaur warrior
  5076 | D:9      | Reached skill level 10 in Short Blades
  5076 | D:9      | Reached XP level 10. HP: 77/77 MP: 9/12
  5169 | D:9      | Noticed a cyclops
  5174 | D:9      | Killed a cyclops
  5239 | D:9      | Reached ** piety under Fedhas
  5355 | D:9      | Reached XP level 11. HP: 81/82 MP: 10/14
  5512 | D:10     | Entered Level 10 of the Dungeon
  5512 | D:10     | Found a runed translucent gate.
  5512 | D:10     | Found a runed translucent gate.
  5512 | D:10     | Found a runed translucent gate.
  5512 | D:10     | Noticed Urug
  5518 | D:10     | Killed Urug
  5572 | D:10     | Noticed gregwegmann's ghost (journeyman TrFi)
  5587 | D:9      | Noticed Erolcha
  5600 | D:9      | Killed Erolcha
  5738 | D:10     | Reached skill level 10 in Dodging
  5783 | D:10     | Reached *** piety under Fedhas
  5837 | D:10     | Found a staircase to the Lair.
  5889 | D:10     | Noticed Maurice
  5912 | D:10     | Killed Maurice
  6123 | D:10     | Reached skill level 5 in Invocations
  6219 | D:10     | Reached skill level 13 in Stealth
  6320 | D:11     | Noticed a green ugly thing
  6342 | D:11     | Killed a green ugly thing
  6415 | D:11     | Reached **** piety under Fedhas
  6792 | D:12     | Identified the Grimoire of the Ghastly Oath
  6795 | D:12     | Reached XP level 12. HP: 91/91 MP: 16/16
  6805 | D:12     | Found a gate leading to a gauntlet.
  6824 | Gauntlet | Entered a Gauntlet
  6824 | Gauntlet | Found a transporter.
  6827 | Gauntlet | Found a transporter.
  6829 | Gauntlet | Found a transporter.
  6844 | Gauntlet | Found a transporter.
  6869 | Gauntlet | Found a transporter.
  6869 | Gauntlet | Found a transporter.
  6869 | Gauntlet | Found a transporter.
  6888 | Gauntlet | Noticed a death scarab
  6905 | Gauntlet | Noticed a death scarab
  6909 | Gauntlet | Found a transporter.
  6909 | Gauntlet | Found a transporter.
  6911 | Gauntlet | Found a transporter.
  6912 | Gauntlet | Killed a death scarab
  6913 | Gauntlet | Reached skill level 14 in Stealth
  6927 | Gauntlet | Killed a death scarab
  6986 | Gauntlet | Found a transporter.
  6987 | Gauntlet | Found a transporter.
  6987 | Gauntlet | Found a transporter.
  7011 | Gauntlet | Got a smoking granite ring
  7023 | Gauntlet | Found a transporter.
  7030 | Gauntlet | Got an encrusted hat
  7043 | Gauntlet | Identified the +0 hat "Seusup" {rF+ Str+5 Dex-5} (You found
                  | it in a Gauntlet)
  7063 | Gauntlet | Identified the +8 great sword of Articulation {vorpal, rC+
                  | Dex+3 Stlth+}
  7063 | Gauntlet | Identified the ring of Reakk {rN+ Will- AC+4 Slay+4}
  7063 | Gauntlet | Noticed a minotaur
  7106 | Gauntlet | Killed a minotaur
  7142 | Gauntlet | Identified the ring "Nepentyq" {Will+ AC+4} (You found it
                  | in a Gauntlet)
  7149 | Gauntlet | Got a crude broad axe
  7181 | D:12     | You fall into a shaft and drop 1 floor!
  7181 | D:13     | Noticed a five-headed hydra
  7181 | D:13     | Noticed a two-headed ogre
  7184 | D:13     | Gained mutation: You are partially covered in iridescent
                  | scales. (AC +2) [potion of mutation]
  7184 | D:13     | Gained mutation: You have a pair of small antennae on your
                  | head. [potion of mutation]
  7184 | D:13     | Gained mutation: You are partially covered in thin metallic
                  | scales. (AC +2) [potion of mutation]
  7184 | D:13     | Noticed Nessos
  7198 | D:14     | Noticed a centaur warrior
  7205 | D:14     | Killed a centaur warrior
  7206 | D:14     | Reached skill level 1 in Shields
  7228 | D:14     | Identified the +5 broad axe "Jyirghowk" {drain, Str+3
                  | Dex+3} (You found it in a Gauntlet)
  7276 | D:13     | Noticed a death knight
  7434 | D:14     | Reached skill level 15 in Stealth
  7447 | D:14     | Noticed a two-headed ogre
  7454 | D:14     | Killed a two-headed ogre
  7458 | D:14     | Upgraded the game from 0.27-a0-346-ga689d4a613 to
                  | 0.27-a0-366-g8badd94918
  7468 | D:14     | Upgraded the game from 0.27-a0-366-g8badd94918 to
                  | 0.27-a0-512-g57cc695410
  7494 | D:15     | Entered Level 15 of the Dungeon
  7647 | D:15     | Noticed a tengu warrior
  7648 | D:15     | Found a staircase to the Depths.
  7650 | D:15     | Noticed a two-headed ogre
  7778 | D:15     | Reached skill level 5 in Armour
  7805 | D:15     | Reached XP level 13. HP: 86/98 MP: 17/19
  7947 | D:14     | Reached skill level 5 in Shields
  8017 | D:13     | Noticed Joitiut's ghost (journeyman DsIE)
  8157 | D:13     | Identified the +3 leather armour of Zecau {Dex+9}
  8330 | D:13     | Identified the +8 trident of Etapeli {pain, rElec rPois rC-
                  | Stlth+}
  8518 | D:12     | Noticed Snorg
  8522 | D:12     | Killed Snorg
  8527 | D:12     | Noticed Fannar
  8558 | D:12     | Killed Fannar
  8569 | D:12     | Found a staircase to the Orcish Mines.
  8572 | D:12     | Reached ***** piety under Fedhas
  8574 | D:12     | Reached skill level 10 in Invocations
  8598 | Orc:1    | Entered Level 1 of the Orcish Mines
  8731 | Orc:2    | Entered Level 2 of the Orcish Mines
  9067 | Orc:1    | Found Xanaygg's Book Shop.
  9319 | Orc:2    | Reached skill level 1 in Evocations
  9325 | Orc:2    | Noticed an orc warlord
  9334 | Orc:2    | Killed an orc warlord
  9335 | Orc:2    | Reached XP level 14. HP: 106/106 MP: 17/21
  9341 | Orc:2    | Found a roughly hewn altar of Beogh.
  9420 | Orc:2    | Found Umurphux's Book Emporium.
  9445 | Orc:2    | Found Yzaovop's Antique Armour Emporium.
  9459 | Orc:2    | Found Rekhetsane's General Store.
  9510 | Orc:2    | Found Mona's Antique Weapon Emporium.
  9533 | Orc:2    | Bought a pair of spiked gloves for 247 gold pieces
  9533 | Orc:2    | Identified the -4 pair of gloves "Vuned" {Rampage Will-
                  | Str-3 Stlth+} (You bought it in a shop on level 2 of the
                  | Orcish Mines)
  9533 | Orc:2    | Bought a runed scarf for 208 gold pieces
  9549 | Orc:2    | Bought a book of Party Tricks for 750 gold pieces
  9557 | Orc:2    | Learned a level 6 spell: Invisibility
  9559 | Orc:2    | Learned a level 1 spell: Apportation
  9563 | Orc:2    | Learned a level 3 spell: Tukima's Dance
  9607 | Orc:2    | Found a staircase to the Elven Halls.
  9857 | Lair:1   | Entered Level 1 of the Lair of Beasts
  9908 | Lair:1   | Reached ****** piety under Fedhas
  9909 | Lair:1   | Reached skill level 1 in Hexes
 10002 | Lair:1   | Found a runed translucent gate.
 10002 | Lair:1   | Found a runed translucent gate.
 10003 | Lair:1   | Found a runed translucent gate.
 10004 | Lair:1   | Noticed sahdkjhfkaj's ghost (novice DECj)
 10027 | Lair:1   | Reached skill level 1 in Spellcasting
 10044 | Lair:1   | Killed sahdkjhfkaj's ghost
 10183 | Lair:1   | Found a frozen archway.
 10213 | IceCv    | Entered an ice cave
 10671 | IceCv    | Noticed a frost giant
 10715 | IceCv    | Reached skill level 5 in Throwing
 10743 | IceCv    | Killed a frost giant
 10754 | IceCv    | Identified the ring of Moel {rPois rCorr Str+4}
 11215 | Lair:4   | Found a hole to the Spider Nest.
 11246 | Lair:4   | Reached skill level 5 in Hexes
 11475 | Lair:3   | Found an ornate altar of the Wu Jian Council.
 11783 | Lair:6   | Entered Level 6 of the Lair of Beasts
 11847 | Lair:6   | Reached skill level 5 in Evocations
 11899 | Lair:6   | Reached XP level 15. HP: 90/90 MP: 22/22
 12251 | Lair:6   | Learned a level 4 spell: Cause Fear
 12349 | Lair:6   | Reached skill level 10 in Shields
 12349 | Lair:6   | Reached skill level 5 in Spellcasting
 12837 | Lair:6   | Reached skill level 10 in Hexes
 13111 | Lair:3   | Identified the +2 trident "Gedent" {distort, rF+ Dex+2}
 13124 | Lair:3   | Found a transporter.
 13132 | Lair:3   | Found the ring of the Hare {EV+8}
 13335 | Lair:2   | Noticed Erica
 13353 | Lair:2   | Killed Erica
 13414 | Lair:2   | Found a staircase to the Swamp.
 13506 | Lair:3   | Noticed Luuwnalu's ghost (journeyman KoHu)
 13509 | Lair:3   | Found a one-way gate to the infinite horrors of the Abyss.
 13511 | Lair:3   | Found a transporter.
 13543 | Lair:3   | Killed Luuwnalu's ghost
 13713 | Spider:1 | Entered Level 1 of the Spider Nest
 13921 | Spider:1 | Reached XP level 16. HP: 80/96 MP: 25/25
 14107 | Spider:2 | Identified the +1 ring mail of Hedging {rElec Str+3}
 14473 | Spider:3 | Reached skill level 16 in Stealth
 14570 | Spider:4 | Entered Level 4 of the Spider Nest
 14618 | Spider:4 | Reached skill level 15 in Hexes
 15094 | Spider:4 | Reached skill level 17 in Stealth
 15301 | Spider:4 | Reached XP level 17. HP: 66/100 MP: 9/26
 15443 | Spider:4 | Got a gossamer rune of Zot
 15658 | Lair:4   | Learned a level 2 spell: Slow
 15726 | Swamp:1  | Entered Level 1 of the Swamp
 15820 | Swamp:3  | Noticed Aizul
 15829 | Swamp:3  | Killed Aizul
 15830 | Swamp:3  | Reached skill level 18 in Stealth
 15877 | Swamp:4  | Entered Level 4 of the Swamp
 16020 | Swamp:4  | Reached skill level 1 in Translocations
 16144 | Swamp:4  | Got a decaying rune of Zot
 16347 | Lair:4   | You fall into a shaft and drop 1 floor!
 16497 | Lair:5   | Found a runed translucent door.
 16497 | Lair:5   | Found a viscous altar of Jiyva.
 16506 | Lair:5   | Found a staircase to the Slime Pits.
 16533 | Lair:5   | Upgraded the game from 0.27-a0-512-g57cc695410 to
                  | 0.27-a0-1322-gfdffb62a71
 16536 | Slime:1  | Entered Level 1 of the Pits of Slime
 16545 | Slime:1  | Noticed an acid blob
 16896 | Orc:2    | Bought a potion of haste for 140 gold pieces
 16896 | Orc:2    | Bought a phantom mirror for 560 gold pieces
 16896 | Orc:2    | Bought a potion of curing for 42 gold pieces
 16896 | Orc:2    | Bought a potion of heal wounds for 70 gold pieces
 17019 | D:13     | Gained mutation: You are dopey. (Int -2) [mutagenic glow]
 17057 | D:13     | Gained mutation: You are weak. (Str -2) [mutagenic glow]
 17093 | D:13     | Found a transporter.
 17095 | D:13     | Found a transporter.
 17127 | D:14     | Cast into level 3 of the Abyss (unwielding a weapon of
                  | distortion)
 17186 | Abyss:3  | Identified the +0 robe of the Vacuum {Regen+ Str+5 Dex+3}
 17314 | Abyss:3  | Found a hide-covered altar of Uskayaw.
 17398 | Abyss:3  | Paralysed by accursed screaming for 1 turns
 17644 | Abyss:3  | Noticed a tentacled monstrosity
 17644 | Abyss:3  | Found a corrupted altar of Lugonu.
 17650 | Abyss:3  | Got an abyssal rune of Zot
 17850 | D:14     | Escaped the Abyss
 17976 | Depths:1 | Entered Level 1 of the Depths
 18036 | Depths:2 | Reached skill level 5 in Translocations
 18144 | Depths:3 | Found a gateway to a ziggurat.
 18209 | Depths:4 | Reached skill level 19 in Stealth
 18237 | Depths:4 | Reached XP level 18. HP: 51/105 MP: 19/27
 18353 | Depths:5 | Entered Level 5 of the Depths
 18361 | Depths:5 | Found a gateway to Hell.
 18452 | Depths:5 | Noticed a golden dragon
 18465 | Depths:5 | Banished a golden dragon
 18496 | Depths:5 | Found a gate to the Realm of Zot.
 18502 | Zot:1    | Entered Level 1 of the Realm of Zot
 18502 | Zot:1    | Noticed a tentacled monstrosity
 18509 | Zot:1    | Noticed a tentacled monstrosity
 18719 | Zot:3    | Noticed a golden dragon
 18726 | Zot:3    | Reached skill level 20 in Stealth
 18788 | Zot:3    | Banished a golden dragon
 18941 | Zot:3    | Reached skill level 21 in Stealth
 18941 | Zot:3    | Noticed a Killer Klown
 18964 | Zot:3    | Killed a Killer Klown
 18985 | Zot:3    | Gained mutation: You are very dopey. (Int -4) [mutagenic
                  | glow]
 19114 | Zot:4    | Reached skill level 22 in Stealth
 19187 | Zot:5    | Entered Level 5 of the Realm of Zot
 19229 | Zot:5    | Noticed an Orb Guardian
 19229 | Zot:5    | Noticed an Orb Guardian
 19229 | Zot:5    | Noticed an Orb Guardian
 19234 | Zot:5    | Noticed an orb of fire
 19235 | Zot:5    | Noticed an orb of fire
 19236 | Zot:5    | Noticed a dread lich
 19237 | Zot:5    | Noticed an orb of fire
 19240 | Zot:5    | Noticed a Killer Klown
 19244 | Zot:5    | Gained mutation: You are clumsy. (Dex -2) [an orb of fire]
 19245 | Zot:5    | Noticed a Killer Klown
 19246 | Zot:5    | Noticed an Orb Guardian
 19246 | Zot:5    | Noticed an Orb Guardian
 19246 | Zot:5    | Noticed a Killer Klown
 19246 | Zot:5    | Noticed an Orb Guardian
 19247 | Zot:5    | Noticed an Orb Guardian
 19247 | Zot:5    | Noticed an Orb Guardian
 19247 | Zot:5    | Noticed an Orb Guardian
 19247 | Zot:5    | Noticed an Orb Guardian
 19249 | Zot:5    | Got the Orb of Zot
 19249 | Zot:5    | Noticed an Orb Guardian
 19250 | Zot:5    | Noticed an orb of fire
 19252 | Zot:5    | Noticed an electric golem
 19254 | Zot:5    | Noticed an ancient lich
 19254 | Zot:5    | Noticed an orb of fire
 19254 | Zot:5    | Noticed an electric golem
 19254 | Zot:5    | Noticed an orb of fire
 19254 | Zot:5    | Noticed an orb of fire
 19254 | Zot:5    | Noticed an orb of fire
 19254 | Zot:5    | Noticed an orb of fire
 19254 | Zot:5    | Noticed a dread lich
 19254 | Zot:5    | Noticed a curse toe
 19255 | Zot:5    | Killed from afar by an ancient lich

Illustrated notes

Levels and vault maps discovered:
D:1:      saegor_arrival_simple_c, layout_rooms
D:2:      layout_loops_cross, general_overflow_altar,
          nicolae_overflow_hidden_temple, uniq_crazy_yiuf_cottage
D:3:      layout_basic, elyvilon_altar_5, uniq_robin, uniq_terence
D:4:      layout_cave_pools, kennysheep_slug_shrine, minmay_temple_entry_tees,
          uniq_grinder
D:5:      layout_basic, grunt_gozag_breadcrumbs, okawaru_gym_becter,
          ebering_ghost_sewer_d, uniq_sigmund, uniq_duvessa, uniq_menkaure,
          uniq_prince_ribbit1, uniq_ijyb
D:6:      layout_loops_ring, portal_sewer_entry_f, serial_shops,
          nicolae_shop_trees
D:7:      minmay_the_grid_triangle_9x9_rhombus_thin
          [minmay_the_grid_triangle_9x9_zippers_horizontal,
          minmay_the_grid_triangle_9x9_prize_special,
          minmay_the_grid_triangle_9x9_pentomino_pain,
          minmay_the_grid_triangle_9x9_limited_checkers], layout_basic,
          serial_park_tiny_2
D:8:      layout_cave_pools, chequers_temple_overflow_statue_of_worship,
          chequers_avenue, nicolae_elemental_shop,
          hangedman_abyss_or_decor_clamps, corner_web_ring
D:9:      layout_cave_pools, small_chamber_with_monster, minivault_28,
          uniq_erolcha
D:10:     layout_long_grid, minmay_lair_entry_grove, gammafunk_ghost_spectres,
          uniq_urug, uniq_maurice
D:11:     layout_basic
D:12:     layout_basic, kennysheep_orc_monster_closet_entryway,
          gauntlet_entry_generic, uniq_fannar, uniq_snorg
D:13:     layout_loops_cross, david_vaults_3, gammafunk_ghost_mausoleum,
          minmay_hollow_rounded_squares
D:14:     layout_cave_pools
D:15:     gammafunk_depths_entry_grave, layout_stronghold,
          minmay_misc_feat_diagonals, uniq_nessos
Temple:   nicolae_temple_no_exploring_needed
Lair:1:   layout_regular_city, portal_ice_cave_demonic_guard,
          gammafunk_ghost_hydra_chop
Lair:2:   layout_misc_corridors, skrybe_swamp_entry_bodies,
          guppyfry_lair_drakes, lemuel_fruit_fields, grunt_megastairs_3,
          uniq_erica
Lair:3:   layout_cellular_growth, basic_altar, gammafunk_ghost_abyssal_escape,
          serial_bayou_shore_a
Lair:4:   layout_hall_layers, spider_nest_entry_web_field, grunt_megastairs_2
Lair:5:   layout_cave_pods, slime_altar_2
Lair:6:   hangedman_lair_caniforms_friends, layout_cave_pods,
          hangedman_lair_in_review, serial_rivers,
          chequers_serial_rivers_micro_d, chequers_serial_rivers_micro_a,
          chequers_serial_rivers_small_a, chequers_serial_rivers_marsh,
          chequers_serial_rivers_micro_a, chequers_serial_rivers_room_b,
          chequers_serial_rivers_room_b, serial_bayou_lagoon_a
Swamp:1:  cheibrodos_swamp_tower_of_moss, layout_basic_swamp,
          evilmike_swamp_ruin_house_2, swamp_pool2, water_boxes_lemuel
Swamp:2:  layout_basic_swamp, hangedman_swamp_diagram, swamp_pool2,
          nicolae_swamp_alligator_family
Swamp:3:  layout_falls_marsh, gammafunk_ghost_cemetery,
          evilmike_swamp_ruin_rubble_1, uniq_aizul
Swamp:4:  swamp_icy, layout_basic_swamp, swamp_pool1
Spider:1: layout_spider_delve, drop_trap, zaba_anthell, uniq_asterion
Spider:2: layout_spider_delve
Spider:3: layout_spider_delve, nicolae_spider_cling_halls,
          hangedman_spider_tarantella_strand
Spider:4: grunt_spider_rune_circles
Slime:1:  layout_caves, cheibrodos_slime_lost_civilization_5
Orc:1:    layout_diamond_mine, serial_shops, shop
Orc:2:    grunt_orc_cross, layout_diamond_mine, nicolae_orc_flooded_monolith
Depths:1: layout_gridlike, grunt_metal_band, serial_bayou_pond_b,
          kennysheep_generic_room_13, minmay_shoptagon
Depths:2: minmay_bloctagon_deflated, layout_gridville, nicolae_wwwww,
          hangedman_abyss_entry_splay, hell_entry, firewood_loft,
          minmay_staircase_statues
Depths:3: cheibrodos_witchhunters_guild, layout_cave_shapes, enter_ziggurat_c,
          pan_entry, abyss_entry, hell_entry
Depths:4: hourglass_vault, layout_cave_pools, minmay_holes,
          gammafunk_ghost_wrathful_warriors, hangedman_geh_valley, abyss_entry,
          nrook_pool_corridor, uniq_mennas, uniq_mara, uniq_enchantress
Depths:5: evilmike_zot_entry_gauntlet, layout_cave_shapes, hell_entry,
          nicolae_hepliaklqana_ecumenical_no_more, rand_demon_pan_entry_7,
          nicolae_vehumet_altar_sigil
Zot:1:    layout_onion_interference
Zot:2:    layout_cellular_growth
Zot:3:    layout_gridlike
Zot:4:    layout_gridlike, hangedman_zot_decor_slant,
          hangedman_elemental_corridor
Zot:5:    layout_gridlike

Skill      XL: |  1  2  3  4  5  6  7  8  9 10 11 12 13 14 15 16 17 18 |
---------------+-------------------------------------------------------+-----
Stealth        | 2 3 4 5 8 12 13 15 17 19 22 | 22.1
Fighting       | 2 4 6 7 8 9 |  9.0
Short Blades   | 1 2 3 4 5 6 10 | 10.4
Dodging        | 3 4 6 7 8 10 11 12 14 | 14.0
Armour         | 3 4 5 |  5.0
Invocations    | 3 4 6 8 10 11 12 | 12.0
Shields        | 4 7 9 10 11 12 | 12.0
Throwing       | 4 5 |  5.0
Evocations     | 1 5 |  5.0
Hexes          | 6 14 16 | 16.0
Spellcasting   | 4 6 |  6.0
Translocations | 5 |  5.2

Action                   |  1- 3 |  4- 6 |  7- 9 | 10-12 | 13-15 | 16-18 || total
-------------------------+-------+-------+-------+-------+-------+-------++-------
Melee: Short sword       |    13 |     1 |       |    42 |       |       ||    56
       Dagger            |   141 |   227 |   464 |   396 |  1421 |  1080 ||  3729
       Bite              |     8 |    25 |    97 |    99 |   265 |   175 ||   669
       Unarmed           |       |    26 |       |       |       |       ||    26
       Rapier            |       |       |   154 |   207 |       |       ||   361
Throw: Stone             |    26 |    16 |       |       |       |       ||    42
       Javelin           |     2 |       |    11 |    25 |     6 |    20 ||    64
       Dart              |     4 |     5 |    18 |     7 |    11 |    14 ||    59
       Throwing net      |       |     1 |     3 |     2 |       |     3 ||     9
       Boomerang         |       |       |     9 |    29 |    61 |    50 ||   149
 Cast: Apportation       |       |       |       |       |     1 |    38 ||    39
       Invisibility      |       |       |       |       |     4 |    33 ||    37
       Cause Fear        |       |       |       |       |       |     4 ||     4
Invok: Wall of Briars    |       |       |       |     4 |       |     2 ||     6
       Grow Ballistomyce |       |       |       |     2 |       |     2 ||     4
       Overgrow          |       |       |       |     1 |     2 |     3 ||     6
       Grow Oklob        |       |       |       |       |     5 |     7 ||    12
 Abil: Evoke Flight      |       |       |     2 |       |       |       ||     2
       Bat Form          |       |       |       |       |     1 |       ||     1
Evoke: Wand              |       |     1 |    30 |    19 |    31 |    24 ||   105
       Lightning rod     |       |       |       |     6 |    19 |     4 ||    29
       Box of beasts     |       |       |       |     1 |     2 |     3 ||     6
       Phantom mirror    |       |       |       |       |     2 |     2 ||     4
       Condenser vane    |       |       |       |       |     1 |     5 ||     6
  Use: Potion            |       |     3 |     5 |     4 |     1 |     8 ||    21
       Scroll            |       |     2 |     9 |     9 |     9 |    20 ||    49
 Stab: Sleeping          |     6 |    10 |    22 |    24 |    62 |    37 ||   161
       Invisible         |     2 |     1 |     2 |       |    17 |   137 ||   159
       Held in net/web   |       |     2 |     4 |       |     1 |     3 ||    10
       Paralysed         |       |       |     1 |     4 |     5 |     2 ||    12
       Confused          |       |       |     3 |     1 |     1 |     4 ||     9
       Distracted        |       |       |       |     3 |     9 |     7 ||    19
       Petrified         |       |       |       |       |     1 |       ||     1
Armor: Leather armour    |    36 |    42 |   113 |       |   112 |    72 ||   375
       Skin              |       |    22 |       |       |       |       ||    22
       Chain mail        |       |       |    23 |   196 |   195 |       ||   414
       Troll leather arm |       |       |       |       |       |    22 ||    22
Dodge: Dodged            |    84 |   117 |   413 |   276 |   621 |   666 ||  2177
Block: Kite shield       |       |       |       |    43 |   799 |   651 ||  1493

Table legend: (Time is in decaauts)
 A = Elapsed time spent in this place.
 B = Non-inter-level travel time spent in this place.
 C = Inter-level travel time spent in this place.
 D = Time resting spent in this place.
 E = Time spent auto-exploring this place.
 F = Levels seen in this place.
 G = Mean time per level.
                   A        B        C        D        E       F      G
               +--------+--------+--------+--------+--------+-----+--------+
         Total |  18114 |  17172 |    942 |    163 |      0 |  47 |  385.4 |
       Dungeon |   7893 |   7515 |    378 |      0 |      0 |  15 |  526.2 |
        Temple |     14 |     14 |      0 |      0 |      0 |   1 |   14.0 |
          Lair |   3604 |   3231 |    373 |      0 |      0 |   6 |  600.7 |
         Swamp |    578 |    578 |      0 |      0 |      0 |   4 |  144.5 |
   Spider Nest |   1701 |   1680 |     21 |      0 |      0 |   4 |  425.2 |
    Slime Pits |     12 |     12 |      0 |      0 |      0 |   1 |   12.0 |
  Orcish Mines |   1164 |    994 |    170 |      0 |      0 |   2 |  582.0 |
        Depths |    466 |    466 |      0 |      0 |      0 |   5 |   93.2 |
           Zot |    692 |    692 |      0 |    163 |      0 |   5 |  138.4 |
         Abyss |    681 |    681 |      0 |      0 |      0 |   1 |  681.0 |
         Sewer |    485 |    485 |      0 |      0 |      0 |   1 |  485.0 |
      Ice Cave |    481 |    481 |      0 |      0 |      0 |   1 |  481.0 |
      Gauntlet |    337 |    337 |      0 |      0 |      0 |   1 |  337.0 |
               +--------+--------+--------+--------+--------+-----+--------+

Top non-repeatable levels by time:
  Lair:6: 1078 daAuts
  Lair:3: 822 daAuts
   Orc:2: 775 daAuts
     D:3: 762 daAuts
     D:6: 750 daAuts
     D:7: 699 daAuts
 Abyss:3: 681 daAuts
    D:10: 631 daAuts
     D:5: 609 daAuts
Spider:4: 578 daAuts
     D:2: 574 daAuts
  Lair:4: 569 daAuts
    D:13: 542 daAuts
    D:11: 530 daAuts
Spider:3: 523 daAuts
